Map: Beckett Industries LE

Players

Dark

  • Race: Zerg Zerg

MaxPax - Winner!

  • Race: Protoss Protoss
  • League: Master

Event: ASUS ROG Fall 2021

VOD

Have the link to the VOD?

Description

Time

  • Played on: Sept. 18, 2021, 7:27 a.m.
  • Length: 8:14

All games in this series

Show
View Real Time Build Order
Export as new Build Order

Dark Zerg 

Build Orders: Pool First 

Get SALT Encoding   

  12  0:17  Spawning Pool  
  11  0:22  Drone  
  11  0:26  Drone  
  13  0:31  Drone  
  14  0:42  Overlord  
  14  1:05  Zergling x6  
  17  1:19  Hatchery  
  17  1:20  Zergling x2  
  17  1:27  Zergling x2  
  18  1:37  Zergling x2  
  19  1:55  Hatchery  
  19  1:58  Zergling x2  
  19  2:06  Zergling x2  
  20  2:11  Zergling x2  
  18  2:24  Zergling x2  
  18  2:31  Zergling x2  
  18  2:35  Zergling x2  
  21  2:47  Zergling x2  
  19  2:56  Queen  
  18  3:13  Zergling x8  
  18  3:17  Queen  
  23  3:20  Drone  
  23  3:24  Drone  
  23  3:30  Drone  
  23  3:35  Drone  
  23  3:39  Queen  
  26  3:42  Drone  
  26  3:48  Zergling x2  
  28  3:52  Overlord  
  28  4:10  Drone x2  
  28  4:11  Drone x3  
  28  4:14  Drone x2  
  35  4:23  Drone  
  36  4:25  Overlord  
  36  4:32  Overlord  
  36  4:42  Overlord  
  36  4:44  Drone x3  
  36  4:45  Drone  
  40  4:49  Drone x2  
  40  4:52  Drone  
  43  5:03  Drone x2  
  43  5:05  Queen  
  43  5:06  Extractor  
  46  5:07  Extractor  
  46  5:10  Drone x2  
  46  5:12  Drone x2  
  46  5:13  Drone  
  49  5:23  Drone x2  
  49  5:24  Spore Crawler  
  50  5:31  Roach Warren  
  50  5:33  Drone x2, Evolution Chamber  
  50  5:37  Drone x3  
  50  5:39  Extractor  
  52  5:49  Spine Crawler  
  51  5:50  Drone  
  51  5:56  Drone x2  
  55  5:57  Drone  
  55  5:58  Overlord  
  55  6:08  Lair  
  59  6:11  Roach x2  
  59  6:15  Overlord  
  59  6:19  Hatchery  
  60  6:25  Roach  
  60  6:26  Roach  
  60  6:32  Roach x2  
  66  6:34  Evolution Chamber  
  66  6:41  Evolution Chamber  
  66  6:42  Roach x3  
  69  6:48  Roach x3  
  69  6:53  Roach  
  71  6:58  Roach  
  69  7:02  Roach  
  69  7:08  Roach  
  71  7:13  Roach  
  71  7:15  Zergling x6  
  74  7:21  Roach  
  74  7:22  Extractor  
  73  7:27  Roach  
  68  7:40  Roach  
Show
View Real Time Build Order
Export as new Build Order

MaxPax Protoss - Winner!

Build Orders:  

Get SALT Encoding   

  12  0:00  Probe  
  13  0:12  Probe  
  14  0:20  Pylon  
  14  0:24  Probe  
  15  0:38  Probe (Chrono Boost)  
  15  0:39  Gateway  
  16  0:48  Assimilator, Probe (Chrono Boost)  
  17  0:53  Probe (Chrono Boost)  
  18  1:05  Probe  
  19  1:13  Gateway  
  19  1:25  Pylon, Zealot (Chrono Boost)  
  19  1:29  Cybernetics Core  
  21  1:42  Probe  
  21  1:43  Zealot (Chrono Boost)  
  24  1:54  Probe  
  25  2:07  Probe  
  28  2:13  Adept (Chrono Boost)  
  28  2:19  Probe  
  28  2:20  Adept (Chrono Boost)  
  29  2:26  Pylon  
  27  2:31  Probe  
  27  2:36  Adept  
  30  2:42  Shield Battery  
  30  2:57  Probe  
  29  3:05  Adept  
  30  3:20  Probe  
  29  3:34  Adept  
  30  3:35  Probe  
  30  3:38  Assimilator  
  30  3:40  Nexus  
  30  3:41  Pylon  
  31  3:43  Warp Gate  
  31  3:59  Adept, Probe  
  31  4:00  Pylon  
  34  4:11  Probe  
  35  4:17  Twilight Council  
  35  4:23  Probe (Chrono Boost)  
  36  4:26  Stalker  
  38  4:35  Probe (Chrono Boost)  
  39  4:43  Robotics Facility  
  39  4:52  Probe  
  40  4:54  Probe  
  41  5:02  Resonating Glaives (Chrono Boost)  
  41  5:04  Probe  
  41  5:05  Gateway  
  41  5:06  Probe  
  41  5:07  Gateway  
  43  5:16  Probe  
  43  5:18  Probe  
  45  5:22  Pylon  
  45  5:28  Probe, Warp Prism (Chrono Boost)  
  46  5:29  Pylon  
  46  5:31  Probe  
  49  5:37  Adept x2  
  49  5:40  Probe  
  54  5:43  Probe  
  54  5:48  Pylon  
  54  5:49  Assimilator  
  55  5:53  Probe  
  57  6:02  Dark Shrine  
  57  6:06  Adept x4  
  57  6:09  Probe x2  
  66  6:27  Pylon, Adept x3  
  66  6:29  Adept  
  66  6:30  Assimilator  
  66  6:32  Probe x2  
  76  6:44  Probe x2  
  78  6:49  Adept x3  
  78  6:51  Adept  
  82  6:56  Probe  
  82  6:57  Probe  
  84  7:08  Nexus  
  84  7:12  Probe  
  74  7:25  Dark Templar x2, Adept  
  74  7:29  Dark Templar  
  76  7:39  Immortal (Chrono Boost)  
  76  7:43  Probe  
  75  7:45  Probe  
Tags
 
Add a new tag
Caveats
  • Supply blocks, unpowered buildings, or Contaminate may cause inaccurate times.
  • Supply counts are checked every 10 seconds.